Flyers vs Sharks

Created - January 16, 2022 at 19:07

Goals
1 2 3 T
Flyers 1 2 2 5
Sharks 1 0 1 2
Shots
1 2 3 T
Flyers 11 7 9 27
Sharks 17 8 13 38

1st period

1. Flyers , J.T. Miller 8 (Jordan Nolan 9, Steve Mason) at 9:32
2. Sharks , Bobby Butler 1 (Gilbert Brule 3) at 17:38 (PP)

Penalties :
Chris Mcallister (Phi) for Tripping (Minor) at 6:24, Jordan Nolan (Phi) for Roughing (Minor) at 13:16, Jordan Nolan (Phi) for Hooking (Minor) at 17:04

2nd period

3. Flyers , Matthew Lombardi 4 (Matt Smaby 4, Brock Nelson 6) at 16:01
4. Flyers , Chris Mcallister 1 (Travis Zajac 6, Marcus Kruger 5) at 17:13

Penalties :
Jordan Nolan (Phi) for Hooking (Minor) at 0:03, Drew Miller (Phi) for Tripping (Minor) at 3:21, Jacob Trouba (Phi) for Holding Stick (Minor) at 11:13, Jacob Trouba (Phi) for Holding (Minor) at 17:26

3rd period

5. Flyers , J.T. Miller 9 (Jakub Voracek 9) at 6:45
6. Sharks , Nick Palmieri 4 (Jason Spezza 8) at 9:44 (PP)
7. Flyers , J.T. Miller 10 (Jakub Voracek 10, Jordan Nolan 10) at 14:19 (PP)

Penalties :
Travis Zajac (Phi) for Diving (Minor) at 9:38, Oskar Osala (S.J) for Hooking (Minor) at 11:25, Gilbert Brule (S.J) for Hooking (Minor) at 14:02, Brian Lashoff (Phi) for Charging (Minor) at 18:45

Goalie Stats

Steve Mason (Phi), 36 saves from 38 shots - (0.947), W, 5-4-0, 60:00 minutes
Ryan Miller (S.J), 22 saves from 27 shots - (0.815), L, 4-8-4, 60:00 minutes

Players Stats for Flyers

Player Name              G  A  P  +/- PIM S  H  SB GA TA FO     MP     PP MP  PK MP  
------------------------------------------------------------------------------------
Brian Lashoff            0  0  0   2  2   0  0  1  0  0  0/0    13:13   0:00   2:48 
Brock Nelson             0  1  1   1  0   2  2  0  1  1  1/1     9:34   0:00   2:23 
Chris Mcallister         1  0  1   2  2   2  2  0  0  1  1/1    13:12   0:00   3:07 
Drew Miller              0  0  0   0  2   2  0  1  0  0  0/1    13:37   0:49   0:00 
J.T. Miller              3  0  3   1  0   7  2  0  0  0  5/12   23:47   1:27   7:26 
Jacob Trouba             0  0  0   0  4   0  2  0  1  0  0/0    26:13   0:57   6:02 
Jakub Voracek            0  2  2   1  0   3  1  0  0  2  1/2    20:26   1:27   4:24 
Jeff Carter              0  0  0   0  0   2  1  1  0  0  4/8    18:23   0:49   5:14 
Jeff Woywitka            0  0  0   0  0   1  3  1  0  0  0/0    27:48   0:57   8:18 
Jonathan Ericsson        0  0  0   2  0   0  0  2  0  1  0/0    12:19   0:00   1:10 
Jordan Nolan             0  2  2   1  6   1  1  0  0  0  16/30  21:35   1:27   4:50 
Marcus Kruger            0  1  1   2  0   2  0  0  1  0  0/0     9:12   0:00   0:00 
Matt Smaby               0  1  1   2  0   1  2  1  0  1  0/0    20:56   1:19   4:58 
Matthew Lombardi         1  0  1   1  0   2  2  0  1  2  1/4     6:45   0:00   0:12 
Nathan Beaulieu          0  0  0   2  0   2  0  2  0  0  0/0    19:53   1:19   4:20 
Niclas Bergfors          0  0  0   0  0   0  2  0  0  1  0/0    13:05   0:49   0:00 
Travis Zajac             0  1  1   2  2   0  1  0  0  0  0/1     9:35   0:00   0:00 
Tyler Randell            0  0  0   1  0   0  0  0  0  0  0/0     6:30   0:00   0:00 

Players Stats for Sharks

Player Name              G  A  P  +/- PIM S  H  SB GA TA FO     MP     PP MP  PK MP  
------------------------------------------------------------------------------------
Arturs Kulda             0  0  0  -2  0   3  1  2  0  0  0/0    11:06   0:00   0:52 
Bobby Butler             1  0  1  -1  0   2  2  0  0  0  0/0    20:28   6:16   0:00 
Boone Jenner             0  0  0  -1  0   0  0  0  0  0  1/2     6:32   0:00   0:24 
Brandon Dubinsky         0  0  0  -1  0   1  0  0  1  1  1/2    25:21   7:14   0:50 
Brayden McNabb           0  0  0  -2  0   0  0  0  0  0  0/0    10:14   0:00   0:00 
Corban Knight            0  0  0  -2  0   2  1  0  0  0  6/7    11:55   0:00   0:00 
David Booth              0  0  0  -1  0   3  1  0  0  0  0/0    20:50   6:21   1:26 
Drew Doughty             0  0  0  -2  0   7  1  1  2  0  0/0    28:12   8:23   1:24 
Gilbert Brule            0  1  1  -1  2   5  1  0  2  0  5/11   19:40   6:21   0:17 
Jason Spezza             0  1  1   0  0   1  1  0  0  0  17/36  21:47   7:13   1:26 
Karl Alzner              0  0  0   0  0   2  2  0  0  1  0/0    21:34   5:25   0:52 
Milan Michalek           0  0  0  -2  0   1  1  1  1  1  0/0    12:50   0:32   0:09 
Nick Palmieri            1  0  1   0  0   3  1  0  1  0  1/2    20:43   7:27   0:00 
Oskar Osala              0  0  0  -2  2   5  0  0  1  0  0/0    11:54   0:00   0:00 
Patrick Wey              0  0  0   0  0   0  0  0  0  0  0/0     1:55   0:00   0:00 
PK Subban                0  0  0  -2  0   2  3  2  0  1  0/0    26:17   8:23   1:24 
Tyler Cuma               0  0  0   0  0   1  1  0  1  0  0/0    20:42   5:25   0:00 
Zach Boychuk             0  0  0  -1  0   0  1  0  0  0  0/0     5:42   0:00   0:00 

3 Stars

1 - J.T. Miller (Phi)
2 - Steve Mason (Phi)
3 - Matthew Lombardi (Phi)

Power Play

Flyers - 1 on 2 Attempt(s) - 50.00%
Sharks - 2 on 9 Attempt(s) - 22.22%

Penalty Kill

Flyers - 7 on 9 Attempt(s) - 77.78% - Score 0 goal in Penalty Kill
Sharks - 1 on 2 Attempt(s) - 50.00% - Score 0 goal in Penalty Kill

Team Stat

Flyers - Hits : 21 - Faceoff Wins : 29 - Blocked Shots : 9 - Penalty Minutes : 18
Sharks - Hits : 17 - Faceoff Wins : 31 - Blocked Shots : 6 - Penalty Minutes : 4

Official

Referees : Francois St. Laurent and Steve Kozari
Linesman : Brad Kovachik and Jesse Marquis

Game Notes

16:01 of 2nd period - Flyers goal is going for a video replay. After video review, Goal.
J.T. Miller has scored a Hat Trick!

Finance

Level 1 -- Attendance: 5712 (95.20%) -- Ticket Income $571,200
Level 2 -- Attendance: 4346 (86.92%) -- Ticket Income $260,760
Level 3 -- Attendance: 1916 (95.80%) -- Ticket Income $67,060
Level 4 -- Attendance: 3884 (97.10%) -- Ticket Income $97,100
Luxury Box -- Attendance: 913 (91.30%) -- Ticket Income $182,600
Game was played at the SAP Center.
Total Attendance: 16771 (93.17%)
Total Ticket Income: $1,178,720
Other Income: $176,808
Total Income: $1,355,528

Flyers

5 vs 5 Forward 
   Center                   Left Wing                Right Wing               Time % Phy DF OF 
 1 Jordan Nolan             J.T. Miller              Jakub Voracek            40     1   2  2  
 2 Jeff Carter              Drew Miller              Niclas Bergfors          30     1   2  2  
 3 Travis Zajac             Chris Mcallister         Marcus Kruger            20     1   2  2  
 4 Matthew Lombardi         Brock Nelson             Tyler Randell            10     1   2  2  

5 vs 5 Defense 
   Defense                  Defense                                           Time % Phy DF OF 
 1 Jacob Trouba             Jeff Woywitka                                     40     1   2  2  
 2 Matt Smaby               Nathan Beaulieu                                   30     1   2  2  
 3 Jonathan Ericsson        Brian Lashoff                                     20     1   2  2  
 4 Jacob Trouba             Jeff Woywitka                                     10     1   2  2  

PowerPlay Forward 
   Center                   Left Wing                Right Wing               Time % Phy DF OF 
 1 Jordan Nolan             J.T. Miller              Jakub Voracek            60     1   2  2  
 2 Jeff Carter              Drew Miller              Niclas Bergfors          40     1   2  2  

PowerPlay Defense
   Defense                  Defense                                           Time % Phy DF OF 
 1 Jacob Trouba             Jeff Woywitka                                     60     1   2  2  
 2 Matt Smaby               Nathan Beaulieu                                   40     1   2  2  

Penalty Kill 4 Players Forward 
   Center                   Wing                     Time % Phy DF OF 
 1 J.T. Miller              Jordan Nolan             60     1   2  2  
 2 Jeff Carter              Jakub Voracek            40     1   2  2  

Penalty Kill 4 Players Defense
   Defense                  Defense                  Time % Phy DF OF 
 1 Jacob Trouba             Jeff Woywitka            60     1   2  2  
 2 Matt Smaby               Nathan Beaulieu          40     1   2  2  

Penalty Kill - 3 Players Forward 
   Forward                                           Time % Phy DF OF 
 1 J.T. Miller                                       60     1   2  2  
 2 Jordan Nolan                                      40     1   2  2  

Penalty Kill - 3 Players Defense
   Defense                  Defense                  Time % Phy DF OF 
 1 Jacob Trouba             Jeff Woywitka            60     1   2  2  
 2 Matt Smaby               Nathan Beaulieu          40     1   2  2  

4 vs 4 Forward 
   Center                   Wing                     Time % Phy DF OF 
 1 J.T. Miller              Jordan Nolan             60     1   2  2  
 2 Jeff Carter              Jakub Voracek            40     1   2  2  

4 vs 4 Defense
   Defense                  Defense                  Time % Phy DF OF 
 1 Jacob Trouba             Jeff Woywitka            60     1   2  2  
 2 Matt Smaby               Nathan Beaulieu          40     1   2  2  

Last Minutes Offensive
   Center                   Left Wing                Right Wing               Defense                  Defense                  
   Jordan Nolan             J.T. Miller              Jakub Voracek            Jacob Trouba             Jeff Woywitka            

Last Minutes Defensive
   Center                   Left Wing                Right Wing               Defense                  Defense                  
   Jordan Nolan             J.T. Miller              Jakub Voracek            Jacob Trouba             Jeff Woywitka            

Goaltenders
Starting : Steve Mason              
Backup : Ilya Sorokin             

Extra Forwards
Normal : Travis Zajac, Marcus Kruger, Chris Mcallister - PP : Travis Zajac, Marcus Kruger - PK : Chris Mcallister
Extra Defensemen
Normal : Jonathan Ericsson, Brian Lashoff, Matt Smaby - PP : Jonathan Ericsson - PK : Brian Lashoff, Matt Smaby
Penalty Shots
J.T. Miller, Jordan Nolan, Jeff Carter, Jakub Voracek, Drew Miller

Scratches
Dylan Olsen (Healthy), Tomas Kubalik (Healthy)

Sharks

5 vs 5 Forward 
   Center                   Left Wing                Right Wing               Time % Phy DF OF 
 1 Jason Spezza             Brandon Dubinsky         Nick Palmieri            40     1   2  2  
 2 Gilbert Brule            David Booth              Bobby Butler             30     1   2  2  
 3 Corban Knight            Milan Michalek           Oskar Osala              20     1   2  2  
 4 Boone Jenner             Zach Boychuk             Brandon Dubinsky         10     1   2  2  

5 vs 5 Defense 
   Defense                  Defense                                           Time % Phy DF OF 
 1 Drew Doughty             PK Subban                                         40     1   2  2  
 2 Tyler Cuma               Karl Alzner                                       30     1   2  2  
 3 Brayden McNabb           Arturs Kulda                                      20     1   4  0  
 4 Drew Doughty             Patrick Wey                                       10     1   2  2  

PowerPlay Forward 
   Center                   Left Wing                Right Wing               Time % Phy DF OF 
 1 Jason Spezza             Brandon Dubinsky         Nick Palmieri            60     1   1  3  
 2 Gilbert Brule            David Booth              Bobby Butler             40     1   1  3  

PowerPlay Defense
   Defense                  Defense                                           Time % Phy DF OF 
 1 Drew Doughty             PK Subban                                         60     1   2  2  
 2 Tyler Cuma               Karl Alzner                                       40     1   2  2  

Penalty Kill 4 Players Forward 
   Center                   Wing                     Time % Phy DF OF 
 1 Jason Spezza             David Booth              60     1   4  0  
 2 Gilbert Brule            Brandon Dubinsky         40     1   4  0  

Penalty Kill 4 Players Defense
   Defense                  Defense                  Time % Phy DF OF 
 1 Drew Doughty             PK Subban                60     1   4  0  
 2 Arturs Kulda             Karl Alzner              40     1   4  0  

Penalty Kill - 3 Players Forward 
   Forward                                           Time % Phy DF OF 
 1 Jason Spezza                                      60     1   4  0  
 2 Gilbert Brule                                     40     1   4  0  

Penalty Kill - 3 Players Defense
   Defense                  Defense                  Time % Phy DF OF 
 1 Drew Doughty             PK Subban                60     1   4  0  
 2 Arturs Kulda             Karl Alzner              40     1   4  0  

4 vs 4 Forward 
   Center                   Wing                     Time % Phy DF OF 
 1 Jason Spezza             Brandon Dubinsky         60     1   2  2  
 2 Gilbert Brule            David Booth              40     1   2  2  

4 vs 4 Defense
   Defense                  Defense                  Time % Phy DF OF 
 1 Drew Doughty             PK Subban                60     1   2  2  
 2 Tyler Cuma               Karl Alzner              40     1   2  2  

Last Minutes Offensive
   Center                   Left Wing                Right Wing               Defense                  Defense                  
   Jason Spezza             Brandon Dubinsky         Nick Palmieri            Drew Doughty             PK Subban                

Last Minutes Defensive
   Center                   Left Wing                Right Wing               Defense                  Defense                  
   Jason Spezza             Brandon Dubinsky         Nick Palmieri            Drew Doughty             PK Subban                

Goaltenders
Starting : Ryan Miller              
Backup : Chet Pickard             

Extra Forwards
Normal : Brandon Dubinsky, Milan Michalek, Boone Jenner - PP : Brandon Dubinsky, Milan Michalek - PK : Brandon Dubinsky
Extra Defensemen
Normal : Karl Alzner, Brayden McNabb, Arturs Kulda - PP : Karl Alzner - PK : Tyler Cuma, Brayden McNabb
Penalty Shots
Jason Spezza, Gilbert Brule, Nick Palmieri, Drew Doughty, Brandon Dubinsky

Scratches
Kevin Connauton (Healthy), Mario Lucia (Healthy), Steve Eminger (Healthy)

% Time on Ice - Flyers

Lines # - Real PCT - Wanted PCT - Time Play
Normal Forward
1 - 36% - 40% - 15:55
2 - 28% - 30% - 12:19
3 - 21% - 20% - 9:12
4 - 15% - 10% - 6:30
Normal Defense
1 - 43% - 40% - 18:47
2 - 32% - 30% - 14:14
3 - 22% - 20% - 9:34
4 - 3% - 10% - 1:21
PP Forward
1 - 64% - 60% - 1:27
2 - 36% - 40% - 0:49
PP Defense
1 - 42% - 60% - 0:57
2 - 58% - 40% - 1:19
PK Forward
1 - 68% - 60% - 9:24
2 - 32% - 40% - 4:24
PK Defense
1 - 69% - 60% - 9:28
2 - 31% - 40% - 4:20
PK3 Forward
1 - 0% - 60%
2 - 0% - 40%
PK3 Defense
1 - 0% - 60%
2 - 0% - 40%
44 Forward
1 - 0% - 60%
2 - 0% - 40%
44 Defense
1 - 0% - 60%
2 - 0% - 40%
Last Minute Offensive  - 0:00
Last Minute Defensive  - 0:00
Total
Forward - 60:00
Defense - 60:00

% Time on Ice - Sharks

Lines # - Real PCT - Wanted PCT - Time Play
Normal Forward
1 - 30% - 40% - 13:16
2 - 30% - 30% - 13:03
3 - 27% - 20% - 11:55
4 - 13% - 10% - 5:42
Normal Defense
1 - 38% - 40% - 16:30
2 - 35% - 30% - 15:17
3 - 23% - 20% - 10:14
4 - 4% - 10% - 1:55
PP Forward
1 - 54% - 60% - 7:27
2 - 46% - 40% - 6:21
PP Defense
1 - 61% - 60% - 8:23
2 - 39% - 40% - 5:25
PK Forward
1 - 88% - 60% - 1:59
2 - 13% - 40% - 0:17
PK Defense
1 - 62% - 60% - 1:24
2 - 38% - 40% - 0:52
PK3 Forward
1 - 0% - 60%
2 - 0% - 40%
PK3 Defense
1 - 0% - 60%
2 - 0% - 40%
44 Forward
1 - 0% - 60%
2 - 0% - 40%
44 Defense
1 - 0% - 60%
2 - 0% - 40%
Last Minute Offensive  - 0:00
Last Minute Defensive  - 0:00
Total
Forward - 60:00
Defense - 60:00

Play-by-Play

1st period


0:01 of 1st period - Jason Spezza wins face-off versus Jordan Nolan in neutral zone.
0:26 of 1st period - Niclas Bergfors is hit by PK Subban and loses puck.
0:47 of 1st period - Snap shot by Travis Zajac.
0:47 of 1st period - Deflect By Marcus Kruger.
0:47 of 1st period - Stopped by Ryan Miller with a rebound.
0:49 of 1st period - Slapshot by Nathan Beaulieu.
0:49 of 1st period - Shot Hit the Post.
1:48 of 1st period - Icing by Drew Doughty.
1:49 of 1st period - Jeff Carter wins face-off versus Jason Spezza in Sharks zone.
1:50 of 1st period - Snap shot by Drew Miller.
1:50 of 1st period - Stopped by Ryan Miller without a rebound.
1:51 of 1st period - Jeff Carter wins face-off versus Jason Spezza in Sharks zone.
2:28 of 1st period - Jacob Trouba is hit by Karl Alzner and loses puck.
2:44 of 1st period - Icing by Nick Palmieri.
2:45 of 1st period - Jordan Nolan wins face-off versus Jason Spezza in Sharks zone.
3:24 of 1st period - Matt Smaby is hit by Tyler Cuma and loses puck.
4:25 of 1st period - Slapshot by Tyler Cuma.
4:25 of 1st period - Shot Blocked by Jeff Woywitka.
4:27 of 1st period - Slapshot by Tyler Cuma.
4:27 of 1st period - Shot Blocked by Jeff Carter.
4:33 of 1st period - Snap shot by Oskar Osala.
4:33 of 1st period - Stopped by Steve Mason without a rebound.
4:34 of 1st period - Jordan Nolan wins face-off versus Gilbert Brule in Flyers zone.
5:07 of 1st period - Snap shot by Boone Jenner.
5:07 of 1st period - Shot Misses the Net.
5:39 of 1st period - Snap shot by Drew Miller.
5:39 of 1st period - Stopped by Ryan Miller with a rebound.
6:24 of 1st period - Minor Penalty to Chris Mcallister for Tripping.
6:25 of 1st period - Brandon Dubinsky wins face-off versus J.T. Miller in Flyers zone.
6:26 of 1st period - Wrist shot by Nick Palmieri.
6:26 of 1st period - Stopped by Steve Mason with a rebound.
8:24 of 1st period - Penalty to Chris Mcallister is over, Chris Mcallister is back on ice.
8:37 of 1st period - Slapshot by Marcus Kruger.
8:37 of 1st period - Shot Misses the Net.
8:43 of 1st period - Wrist shot by Travis Zajac.
8:43 of 1st period - Deflect By Chris Mcallister.
8:43 of 1st period - Stopped by Ryan Miller with a rebound.
9:32 of 1st period - Wrist shot by J.T. Miller.
9:32 of 1st period - Deflect By Bobby Butler.
9:32 of 1st period - Goal by J.T. Miller - Flyers : 1 - Sharks : 0.
9:33 of 1st period - J.T. Miller wins face-off versus Gilbert Brule in neutral zone.
9:44 of 1st period - Wrist shot by Jakub Voracek.
9:44 of 1st period - Shot Misses the Net.
9:46 of 1st period - Snap shot by Jordan Nolan.
9:46 of 1st period - Stopped by Ryan Miller without a rebound.
9:47 of 1st period - Jordan Nolan wins face-off versus Jason Spezza in Sharks zone.
10:10 of 1st period - J.T. Miller is hit by Arturs Kulda.
10:20 of 1st period - Backhand shot by J.T. Miller.
10:20 of 1st period - Stopped by Ryan Miller with a rebound.
10:22 of 1st period - Slapshot by Nathan Beaulieu.
10:22 of 1st period - Shot Blocked by Arturs Kulda.
10:48 of 1st period - Snap shot by Oskar Osala.
10:48 of 1st period - Stopped by Steve Mason with a rebound.
10:50 of 1st period - Slapshot by Brayden McNabb.
10:50 of 1st period - Shot Blocked by Matt Smaby.
10:52 of 1st period - Wrist shot by Corban Knight.
10:52 of 1st period - Stopped by Steve Mason without a rebound.
10:53 of 1st period - Jason Spezza wins face-off versus Jordan Nolan in Flyers zone.
11:18 of 1st period - Drew Miller is hit by Bobby Butler and loses puck.
12:01 of 1st period - Snap shot by Tyler Randell.
12:01 of 1st period - Shot Misses the Net.
12:19 of 1st period - Slapshot by Bobby Butler.
12:19 of 1st period - Shot Misses the Net.
12:21 of 1st period - Slapshot by Gilbert Brule.
12:21 of 1st period - Shot Misses the Net.
12:23 of 1st period - Snap shot by David Booth.
12:23 of 1st period - Stopped by Steve Mason without a rebound.
12:24 of 1st period - Jordan Nolan wins face-off versus Gilbert Brule in Flyers zone.
12:24 of 1st period - Jordan Nolan is hit by David Booth.
12:51 of 1st period - Wrist shot by Gilbert Brule.
12:51 of 1st period - Stopped by Steve Mason with a rebound.
12:53 of 1st period - Slapshot by Brayden McNabb.
12:53 of 1st period - Shot Blocked by Nathan Beaulieu.
12:55 of 1st period - Wrist shot by Gilbert Brule.
12:55 of 1st period - Stopped by Steve Mason without a rebound.
12:56 of 1st period - Jeff Carter wins face-off versus Jason Spezza in Flyers zone.
13:13 of 1st period - Wrist shot by Jason Spezza.
13:13 of 1st period - Stopped by Steve Mason without a rebound.
13:14 of 1st period - Jordan Nolan wins face-off versus Gilbert Brule in Flyers zone.
13:16 of 1st period - Minor Penalty to Jordan Nolan for Roughing.
13:17 of 1st period - J.T. Miller wins face-off versus Jason Spezza in Flyers zone.
13:17 of 1st period - J.T. Miller is hit by PK Subban.
14:23 of 1st period - Wrist shot by David Booth.
14:23 of 1st period - Stopped by Steve Mason with a rebound.
14:25 of 1st period - Slapshot by Drew Doughty.
14:25 of 1st period - Stopped by Steve Mason without a rebound.
14:26 of 1st period - Brock Nelson wins face-off versus Jason Spezza in Flyers zone.
15:16 of 1st period - Penalty to Jordan Nolan is over, Jordan Nolan is back on ice.
15:19 of 1st period - Snap shot by Jeff Carter.
15:19 of 1st period - Deflect By Drew Doughty.
15:19 of 1st period - Shot Misses the Net.
15:19 of 1st period - Puck is out of play.
15:20 of 1st period - Corban Knight wins face-off versus Travis Zajac in Sharks zone.
15:25 of 1st period - Wrist shot by Oskar Osala.
15:25 of 1st period - Shot Blocked by Brian Lashoff.
15:27 of 1st period - Wrist shot by Milan Michalek.
15:27 of 1st period - Shot Misses the Net.
15:29 of 1st period - Slapshot by Arturs Kulda.
15:29 of 1st period - Stopped by Steve Mason with a rebound.
15:31 of 1st period - Wrist shot by Oskar Osala.
15:31 of 1st period - Shot Blocked by Jonathan Ericsson.
15:33 of 1st period - Snap shot by Arturs Kulda.
15:33 of 1st period - Stopped by Steve Mason with a rebound.
15:35 of 1st period - Wrist shot by Corban Knight.
15:35 of 1st period - Deflect By Chris Mcallister.
15:35 of 1st period - Shot Misses the Net.
15:35 of 1st period - Puck is out of play.
15:36 of 1st period - Gilbert Brule wins face-off versus Jordan Nolan in Flyers zone.
16:47 of 1st period - Snap shot by Jakub Voracek.
16:47 of 1st period - Shot Misses the Net.
16:53 of 1st period - Wrist shot by Jordan Nolan.
16:53 of 1st period - Deflect By J.T. Miller.
16:53 of 1st period - Stopped by Ryan Miller without a rebound.
16:54 of 1st period - Jordan Nolan wins face-off versus Jason Spezza in Sharks zone.
17:04 of 1st period - Minor Penalty to Jordan Nolan for Hooking.
17:05 of 1st period - Jason Spezza wins face-off versus J.T. Miller in Flyers zone.
17:38 of 1st period - Wrist shot by Bobby Butler.
17:38 of 1st period - Goal by Bobby Butler - Flyers : 1 - Sharks : 1.
17:39 of 1st period - Jason Spezza wins face-off versus Jordan Nolan in neutral zone.
17:42 of 1st period - Slapshot by Drew Doughty.
17:42 of 1st period - Stopped by Steve Mason without a rebound.
17:43 of 1st period - Jordan Nolan wins face-off versus Brandon Dubinsky in Flyers zone.
17:43 of 1st period - Jordan Nolan is hit by PK Subban.
18:00 of 1st period - Snap shot by Jakub Voracek.
18:00 of 1st period - Shot Misses the Net.
18:20 of 1st period - Slapshot by Gilbert Brule.
18:20 of 1st period - Stopped by Steve Mason with a rebound.
18:22 of 1st period - Wrist shot by Drew Doughty.
18:22 of 1st period - Shot Misses the Net.
18:24 of 1st period - Wrist shot by Bobby Butler.
18:24 of 1st period - Shot Misses the Net.
18:46 of 1st period - Slapshot by Marcus Kruger.
18:46 of 1st period - Stopped by Ryan Miller without a rebound.
18:47 of 1st period - Jordan Nolan wins face-off versus Nick Palmieri in Sharks zone.
19:22 of 1st period - Wrist shot by Jeff Carter.
19:22 of 1st period - Stopped by Ryan Miller with a rebound.
19:24 of 1st period - Wrist shot by Jeff Carter.
19:24 of 1st period - Deflect By Gilbert Brule.
19:24 of 1st period - Stopped by Ryan Miller without a rebound.
19:25 of 1st period - Gilbert Brule wins face-off versus Jordan Nolan in Sharks zone.
19:40 of 1st period - Slapshot by Drew Doughty.
19:40 of 1st period - Stopped by Steve Mason with a rebound.
19:42 of 1st period - Slapshot by PK Subban.
19:42 of 1st period - Stopped by Steve Mason without a rebound.
19:43 of 1st period - Jason Spezza wins face-off versus Jeff Carter in Flyers zone.
Goals for this period are 1 for Flyers vs 1 for Sharks.
Shots for this period are 11 for Flyers vs 17 for Sharks.

2nd period


0:01 of 2nd period - Jordan Nolan wins face-off versus Jason Spezza in neutral zone.
0:03 of 2nd period - Minor Penalty to Jordan Nolan for Hooking.
0:04 of 2nd period - J.T. Miller wins face-off versus Jason Spezza in Flyers zone.
0:20 of 2nd period - Snap shot by Brandon Dubinsky.
0:20 of 2nd period - Shot Misses the Net.
2:03 of 2nd period - Penalty to Jordan Nolan is over, Jordan Nolan is back on ice.
2:14 of 2nd period - Brock Nelson is hit by Milan Michalek and loses puck.
2:19 of 2nd period - Backhand shot by Oskar Osala.
2:19 of 2nd period - Deflect By Corban Knight.
2:19 of 2nd period - Stopped by Steve Mason with a rebound.
2:57 of 2nd period - Slapshot by Nathan Beaulieu.
2:57 of 2nd period - Stopped by Ryan Miller with a rebound.
3:21 of 2nd period - Minor Penalty to Drew Miller for Tripping.
3:22 of 2nd period - Jason Spezza wins face-off versus J.T. Miller in Flyers zone.
4:41 of 2nd period - Tyler Cuma is hit by Jeff Carter and loses puck.
5:21 of 2nd period - Penalty to Drew Miller is over, Drew Miller is back on ice.
5:36 of 2nd period - Arturs Kulda is hit by Chris Mcallister and loses puck.
7:32 of 2nd period - Karl Alzner is hit by Matthew Lombardi and loses puck.
8:04 of 2nd period - Marcus Kruger is hit by Drew Doughty and loses puck.
8:12 of 2nd period - Icing by Chris Mcallister.
8:13 of 2nd period - Corban Knight wins face-off versus Matthew Lombardi in Flyers zone.
8:58 of 2nd period - Backhand shot by Gilbert Brule.
8:58 of 2nd period - Stopped by Steve Mason without a rebound.
8:59 of 2nd period - Gilbert Brule wins face-off versus Jordan Nolan in Flyers zone.
9:10 of 2nd period - Snap shot by Jakub Voracek.
9:10 of 2nd period - Shot Blocked by PK Subban.
9:28 of 2nd period - Snap shot by Drew Doughty.
9:28 of 2nd period - Stopped by Steve Mason with a rebound.
9:30 of 2nd period - Wrist shot by Jason Spezza.
9:30 of 2nd period - Shot Blocked by Nathan Beaulieu.
10:50 of 2nd period - Snap shot by Oskar Osala.
10:50 of 2nd period - Stopped by Steve Mason without a rebound.
10:51 of 2nd period - Corban Knight wins face-off versus Matthew Lombardi in Flyers zone.
10:51 of 2nd period - Drew Doughty is hit by Jeff Woywitka.
11:01 of 2nd period - Snap shot by Oskar Osala.
11:01 of 2nd period - Shot Misses the Net.
11:03 of 2nd period - Wrist shot by Milan Michalek.
11:03 of 2nd period - Stopped by Steve Mason with a rebound.
11:05 of 2nd period - Wrist shot by Oskar Osala.
11:05 of 2nd period - Stopped by Steve Mason with a rebound.
11:13 of 2nd period - Minor Penalty to Jacob Trouba for Holding Stick.
11:14 of 2nd period - Jason Spezza wins face-off versus J.T. Miller in Flyers zone.
11:31 of 2nd period - Snap shot by Brandon Dubinsky.
11:31 of 2nd period - Shot Misses the Net.
13:13 of 2nd period - Penalty to Jacob Trouba is over, Jacob Trouba is back on ice.
13:14 of 2nd period - Brandon Dubinsky is hit by Brock Nelson and loses puck.
13:36 of 2nd period - Off-side.
13:37 of 2nd period - Boone Jenner wins face-off versus Jeff Carter in neutral zone.
13:37 of 2nd period - Boone Jenner is hit by Niclas Bergfors.
13:51 of 2nd period - Karl Alzner is hit by Jacob Trouba and loses puck.
14:14 of 2nd period - Wrist shot by Jakub Voracek.
14:14 of 2nd period - Stopped by Ryan Miller with a rebound.
14:26 of 2nd period - Wrist shot by Travis Zajac.
14:26 of 2nd period - Shot Misses the Net.
14:38 of 2nd period - Nick Palmieri is hit by Brock Nelson and loses puck.
14:43 of 2nd period - Wrist shot by Matthew Lombardi.
14:43 of 2nd period - Stopped by Ryan Miller without a rebound.
14:44 of 2nd period - Corban Knight wins face-off versus Jordan Nolan in Sharks zone.
14:49 of 2nd period - Snap shot by Jordan Nolan.
14:49 of 2nd period - Shot Misses the Net.
15:02 of 2nd period - Corban Knight is hit by J.T. Miller and loses puck.
15:19 of 2nd period - Wrist shot by Jason Spezza.
15:19 of 2nd period - Shot Blocked by Drew Miller.
15:37 of 2nd period - Snap shot by Drew Doughty.
15:37 of 2nd period - Stopped by Steve Mason with a rebound.
15:39 of 2nd period - Snap shot by David Booth.
15:39 of 2nd period - Stopped by Steve Mason with a rebound.
15:41 of 2nd period - Slapshot by David Booth.
15:41 of 2nd period - Shot Misses the Net.
15:59 of 2nd period - Wrist shot by Brock Nelson.
15:59 of 2nd period - Stopped by Ryan Miller with a rebound.
16:01 of 2nd period - Backhand shot by Matt Smaby.
16:01 of 2nd period - Deflect By Matthew Lombardi.
16:01 of 2nd period - Flyers goal is going for a video replay.
16:01 of 2nd period - The goal is good.
16:01 of 2nd period - Goal by Matthew Lombardi - Flyers : 2 - Sharks : 1.
16:02 of 2nd period - Jordan Nolan wins face-off versus Jason Spezza in neutral zone.
16:07 of 2nd period - Snap shot by Jakub Voracek.
16:07 of 2nd period - Shot Misses the Net.
16:59 of 2nd period - Snap shot by Gilbert Brule.
16:59 of 2nd period - Deflect By Corban Knight.
16:59 of 2nd period - Deflect By Chris Mcallister.
16:59 of 2nd period - Shot Misses the Net.
16:59 of 2nd period - Puck is out of play.
17:00 of 2nd period - Chris Mcallister wins face-off versus Corban Knight in Flyers zone.
17:07 of 2nd period - Snap shot by Chris Mcallister.
17:07 of 2nd period - Shot Misses the Net.
17:09 of 2nd period - Slapshot by Chris Mcallister.
17:09 of 2nd period - Shot Blocked by PK Subban.
17:11 of 2nd period - Slapshot by Travis Zajac.
17:11 of 2nd period - Shot Misses the Net.
17:13 of 2nd period - Slapshot by Chris Mcallister.
17:13 of 2nd period - Goal by Chris Mcallister - Flyers : 3 - Sharks : 1.
17:14 of 2nd period - Jason Spezza wins face-off versus J.T. Miller in neutral zone.
17:26 of 2nd period - Minor Penalty to Jacob Trouba for Holding.
17:27 of 2nd period - J.T. Miller wins face-off versus Jason Spezza in Flyers zone.
18:54 of 2nd period - Drew Doughty is hit by Jeff Woywitka and loses puck.
19:26 of 2nd period - Penalty to Jacob Trouba is over, Jacob Trouba is back on ice.
19:47 of 2nd period - Wrist shot by Brock Nelson.
19:47 of 2nd period - Stopped by Ryan Miller without a rebound.
19:48 of 2nd period - Corban Knight wins face-off versus Matthew Lombardi in Sharks zone.
19:48 of 2nd period - Corban Knight is hit by Matt Smaby.
19:55 of 2nd period - Karl Alzner is hit by Matt Smaby and loses puck.
Goals for this period are 2 for Flyers vs 0 for Sharks.
Shots for this period are 7 for Flyers vs 8 for Sharks.

3rd period


0:01 of 3rd period - Jordan Nolan wins face-off versus Jason Spezza in neutral zone.
0:50 of 3rd period - Milan Michalek is hit by Travis Zajac and loses puck.
1:20 of 3rd period - Tyler Cuma is hit by Jacob Trouba.
1:34 of 3rd period - Brandon Dubinsky is hit by Matthew Lombardi and loses puck.
1:59 of 3rd period - Icing by Brayden McNabb.
2:00 of 3rd period - Jordan Nolan wins face-off versus Gilbert Brule in Sharks zone.
2:05 of 3rd period - Snap shot by Jakub Voracek.
2:05 of 3rd period - Shot Misses the Net.
2:19 of 3rd period - Slapshot by Bobby Butler.
2:19 of 3rd period - Shot Misses the Net.
2:21 of 3rd period - Slapshot by Brayden McNabb.
2:21 of 3rd period - Shot Blocked by Jonathan Ericsson.
2:23 of 3rd period - Snap shot by Arturs Kulda.
2:23 of 3rd period - Stopped by Steve Mason without a rebound.
2:24 of 3rd period - Jason Spezza wins face-off versus Jeff Carter in Flyers zone.
2:25 of 3rd period - Slapshot by Drew Doughty.
2:25 of 3rd period - Stopped by Steve Mason without a rebound.
2:26 of 3rd period - Jeff Carter wins face-off versus Jason Spezza in Flyers zone.
2:40 of 3rd period - Slapshot by Drew Doughty.
2:40 of 3rd period - Shot Misses the Net.
3:04 of 3rd period - Snap shot by Jakub Voracek.
3:04 of 3rd period - Stopped by Ryan Miller with a rebound.
3:22 of 3rd period - Wrist shot by Oskar Osala.
3:22 of 3rd period - Stopped by Steve Mason without a rebound.
3:23 of 3rd period - Jason Spezza wins face-off versus Drew Miller in Flyers zone.
3:31 of 3rd period - Matt Smaby is hit by Karl Alzner and loses puck.
3:50 of 3rd period - Tyler Cuma is hit by Jordan Nolan and loses puck.
4:01 of 3rd period - Snap shot by J.T. Miller.
4:01 of 3rd period - Stopped by Ryan Miller with a rebound.
4:13 of 3rd period - Backhand shot by Tyler Cuma.
4:13 of 3rd period - Shot Misses the Net.
4:15 of 3rd period - Snap shot by Karl Alzner.
4:15 of 3rd period - Stopped by Steve Mason with a rebound.
4:17 of 3rd period - Snap shot by Tyler Cuma.
4:17 of 3rd period - Stopped by Steve Mason with a rebound.
4:19 of 3rd period - Slapshot by Karl Alzner.
4:19 of 3rd period - Stopped by Steve Mason without a rebound.
4:20 of 3rd period - Jason Spezza wins face-off versus Jordan Nolan in Flyers zone.
4:32 of 3rd period - Wrist shot by Nick Palmieri.
4:32 of 3rd period - Stopped by Steve Mason without a rebound.
4:33 of 3rd period - Jason Spezza wins face-off versus Jakub Voracek in Flyers zone.
5:06 of 3rd period - Wrist shot by Bobby Butler.
5:06 of 3rd period - Stopped by Steve Mason with a rebound.
5:08 of 3rd period - Wrist shot by David Booth.
5:08 of 3rd period - Shot Misses the Net.
5:14 of 3rd period - Wrist shot by Gilbert Brule.
5:14 of 3rd period - Stopped by Steve Mason without a rebound.
5:15 of 3rd period - Nick Palmieri wins face-off versus Jordan Nolan in Flyers zone.
6:04 of 3rd period - Drew Doughty is hit by Chris Mcallister and loses puck.
6:45 of 3rd period - Wrist shot by Jakub Voracek.
6:45 of 3rd period - Deflect By J.T. Miller.
6:45 of 3rd period - Goal by J.T. Miller - Flyers : 4 - Sharks : 1.
6:46 of 3rd period - Jordan Nolan wins face-off versus Jason Spezza in neutral zone.
8:01 of 3rd period - Travis Zajac is hit by Zach Boychuk and loses puck.
8:12 of 3rd period - Slapshot by Matt Smaby.
8:12 of 3rd period - Stopped by Ryan Miller without a rebound.
8:13 of 3rd period - Gilbert Brule wins face-off versus Jordan Nolan in Sharks zone.
8:18 of 3rd period - Snap shot by Jordan Nolan.
8:18 of 3rd period - Shot Misses the Net.
8:40 of 3rd period - Jonathan Ericsson is hit by Nick Palmieri and loses puck.
9:03 of 3rd period - Tyler Cuma is hit by Jeff Woywitka and loses puck.
9:38 of 3rd period - Minor Penalty to Travis Zajac for Diving.
9:39 of 3rd period - Jason Spezza wins face-off versus J.T. Miller in Flyers zone.
9:44 of 3rd period - Slapshot by Nick Palmieri.
9:44 of 3rd period - Goal by Nick Palmieri - Flyers : 4 - Sharks : 2.
9:45 of 3rd period - Jason Spezza wins face-off versus Jordan Nolan in neutral zone.
9:50 of 3rd period - Wrist shot by Jason Spezza.
9:50 of 3rd period - Shot Misses the Net.
9:52 of 3rd period - Snap shot by PK Subban.
9:52 of 3rd period - Stopped by Steve Mason without a rebound.
9:53 of 3rd period - Jordan Nolan wins face-off versus Jason Spezza in Flyers zone.
10:16 of 3rd period - Off-side.
10:17 of 3rd period - Gilbert Brule wins face-off versus Jeff Carter in neutral zone.
10:47 of 3rd period - Brandon Dubinsky is hit by Jakub Voracek and loses puck.
11:11 of 3rd period - Nathan Beaulieu is hit by Corban Knight and loses puck.
11:25 of 3rd period - Minor Penalty to Oskar Osala for Hooking.
11:26 of 3rd period - Jason Spezza wins face-off versus Jordan Nolan in Sharks zone.
12:05 of 3rd period - Karl Alzner is hit by Niclas Bergfors and loses puck.
12:19 of 3rd period - Off-side.
12:20 of 3rd period - Jordan Nolan wins face-off versus Gilbert Brule in neutral zone.
13:25 of 3rd period - Penalty to Oskar Osala is over, Oskar Osala is back on ice.
14:02 of 3rd period - Minor Penalty to Gilbert Brule for Hooking.
14:03 of 3rd period - Jason Spezza wins face-off versus Jordan Nolan in Sharks zone.
14:13 of 3rd period - Wrist shot by Jakub Voracek.
14:13 of 3rd period - Shot Blocked by Drew Doughty.
14:15 of 3rd period - Slapshot by Nathan Beaulieu.
14:15 of 3rd period - Stopped by Ryan Miller without a rebound.
14:16 of 3rd period - Jordan Nolan wins face-off versus Jason Spezza in Sharks zone.
14:17 of 3rd period - Snap shot by Jakub Voracek.
14:17 of 3rd period - Shot Misses the Net.
14:19 of 3rd period - Snap shot by J.T. Miller.
14:19 of 3rd period - Goal by J.T. Miller - Flyers : 5 - Sharks : 2.
14:20 of 3rd period - Jakub Voracek wins face-off versus Jason Spezza in neutral zone.
14:25 of 3rd period - Wrist shot by Jakub Voracek.
14:25 of 3rd period - Stopped by Ryan Miller with a rebound.
14:27 of 3rd period - Slapshot by J.T. Miller.
14:27 of 3rd period - Stopped by Ryan Miller with a rebound.
16:15 of 3rd period - Slapshot by Jeff Carter.
16:15 of 3rd period - Deflect By David Booth.
16:15 of 3rd period - Shot Misses the Net.
16:15 of 3rd period - Puck is out of play.
16:16 of 3rd period - Corban Knight wins face-off versus J.T. Miller in Sharks zone.
16:25 of 3rd period - Backhand shot by Jacob Trouba.
16:25 of 3rd period - Shot Blocked by Arturs Kulda.
16:27 of 3rd period - Backhand shot by Jordan Nolan.
16:27 of 3rd period - Shot Blocked by Milan Michalek.
16:29 of 3rd period - Slapshot by Jeff Woywitka.
16:29 of 3rd period - Deflect By Brayden McNabb.
16:29 of 3rd period - Stopped by Ryan Miller without a rebound.
16:30 of 3rd period - Jason Spezza wins face-off versus Jordan Nolan in Sharks zone.
16:57 of 3rd period - Jeff Woywitka is hit by Gilbert Brule and loses puck.
17:40 of 3rd period - Snap shot by Drew Doughty.
17:40 of 3rd period - Stopped by Steve Mason with a rebound.
17:42 of 3rd period - Wrist shot by Brandon Dubinsky.
17:42 of 3rd period - Stopped by Steve Mason without a rebound.
17:43 of 3rd period - Matthew Lombardi wins face-off versus Boone Jenner in Flyers zone.
17:54 of 3rd period - Slapshot by Brock Nelson.
17:54 of 3rd period - Shot Misses the Net.
18:08 of 3rd period - Jakub Voracek is hit by Bobby Butler and loses puck.
18:17 of 3rd period - Wrist shot by Jakub Voracek.
18:17 of 3rd period - Shot Misses the Net.
18:45 of 3rd period - Minor Penalty to Brian Lashoff for Charging.
18:46 of 3rd period - J.T. Miller wins face-off versus Jason Spezza in Flyers zone.
18:46 of 3rd period - J.T. Miller is hit by Jason Spezza.
18:59 of 3rd period - PK Subban is hit by J.T. Miller and loses puck.
19:25 of 3rd period - Wrist shot by Gilbert Brule.
19:25 of 3rd period - Shot Misses the Net.
Goals for this period are 2 for Flyers vs 1 for Sharks.
Shots for this period are 9 for Flyers vs 13 for Sharks.